 Dungeon Crawl Stone Soup version 0.30-a0-652-gcc886f7154 (webtiles) character file.

Game seed: 14119427065519645218

61 BigDaddyOpFi the Sneak (level 3, 0/33 HPs)
             Began as a Draconian Delver on Jan 17, 2023.
             Succumbed to a water moccasin's poison
             ... on level 6 of the Dungeon.
             The game lasted 00:00:39 (403 turns).

BigDaddyOpFi the Sneak (Draconian Delver)            Turns: 403, Time: 00:00:40

Health: 0/33       AC:  5    Str: 14 (16) XL:     3   Next: 83%
Magic:  3/3        EV: 12    Int:  7 (10) God:
Gold:   24         SH:  0    Dex: 10 (12) Spells: 2/2 levels left

rFire   . . .      SeeInvis .    a - +0 hand axe
rCold   . . .      Faith    .    (no shield)
rNeg    . . .      Spirit   .    (body armour unavailable)
rPois   .          Reflect  .    (helmet restricted)
rElec   .          Harm     .    (no cloak)
rCorr   .          Rampage  .    (no gloves)
Will    .....                    (no boots)
Stlth   +++                      (no amulet)
HPRegen 0.25/turn                (no ring)
MPRegen 0.08/turn                (no ring)

@: lethally poisoned (0 -> -3)
A: AC +5, unfitting armour, cold-blooded
a: no special abilities


You were on level 6 of the Dungeon.
You visited 1 branch of the dungeon, and saw 2 of its levels.

You collected 24 gold pieces.

Inventory:

Hand Weapons
 a - a +0 hand axe (weapon)
Wands
 f - a wand of digging (3)
Scrolls
 b - a scroll of fog
 c - a scroll of magic mapping


   Skills:
 + Level 3.8 Fighting
 + Level 2.7 Axes
 + Level 2.4 Dodging
 + Level 4.9 Stealth


You had 2 spell levels left.
You didn't know any spells.
Your spell library was empty.

Dungeon Overview and Level Annotations

Branches:
Dungeon (6/15)
 Temple: D:4-7

Altars:


Innate Abilities, Weirdness & Mutations

Your plain brown scales are hard. (AC +5)
You cannot fit into any form of body armour.
You are cold-blooded and may be slowed by cold attacks.


Message History

You open the door.
There is an open door here.
Okay, then.
A water moccasin comes into view.
The water moccasin hisses angrily.
Okay, then.
It was a potion of degeneration.
There was something very wrong with that liquid.
You feel weakened.
You feel dopey.
You feel clumsy. The water moccasin bites you.
You are poisoned.
The water moccasin poisons you!
As you read the scroll of fear, it crumbles to dust.
You assume a fearsome visage.
The water moccasin looks frightened!
You feel very sick.
You feel very sick.
You feel sick.
You feel sick.
You feel sick.
You feel sick.
You feel sick.
You feel sick.
You feel sick.
You are no longer poisoned.
The water moccasin seems to regain its courage.
There is an open door here.
The water moccasin attacks as you move away!
The water moccasin bites you.
You are poisoned.
The water moccasin poisons you!
You feel very sick.
There is a stone staircase leading down here.
You feel sick. The water moccasin bites you.
* * * LOW HITPOINT WARNING * * *
You climb downwards.
You feel sick.
There is a stone staircase leading up here.
You feel sick. The water moccasin bites you.
* * * LOW HITPOINT WARNING * * *
Found a scroll labelled PICWIU SERI.
You die...

.# .# .#
#.## #?..
##.#.#
#@##.##.###
#..S.......
#.##.##.##.
#.. .# #.#
.. #.# .##
#.# .# #.#
.# #. ..


You could see a water moccasin.

Vanquished Creatures
  A necrophage (D:5)
  An orc (D:5)
2 creatures vanquished.

Notes
Turn   | Place    | Note
-------+----------+-------------------------------------------
     0 | D:5      | BigDaddyOpFi the Draconian Delver began the quest for the
                  | Orb.
     0 | D:5      | Reached XP level 1. HP: 19/19 MP: 1/1
    17 | D:5      | Noticed a necrophage
    30 | D:5      | Killed a necrophage
    31 | D:5      | Reached XP level 2. HP: 2/27 MP: 2/2
    31 | D:5      | Reached XP level 3. HP: 2/33 MP: 3/3
   381 | D:5      | Noticed a water moccasin
   402 | D:6      | HP: 1/33 [water moccasin (5)]
   403 | D:6      | Succumbed to a water moccasin's poison

Illustrated notes

Levels and vault maps discovered:
D:5:      layout_loops_corners, uniq_pikel, uniq_prince_ribbit1, uniq_eustachio
D:6:      layout_loops_ring, serial_shops, shop, uniq_edmund, uniq_duvessa

Skill      XL: |  1 |
---------------+----+-----
Dodging        | 2 |  2.4
Fighting       | |  3.8
Axes           | |  2.7
Stealth        | |  4.9

Action                   || total
-------------------------++-------
Melee: Hand axe          ||    12
       Tailslap          ||     4
  Use: Potion            ||     2
       Scroll            ||     1
Armor: Skin              ||     1
Dodge: Dodged            ||     5

Table legend: (Time is in decaauts)
 A = Elapsed time spent in this place.
 B = Non-inter-level travel time spent in this place.
 C = Inter-level travel time spent in this place.
 D = Time resting spent in this place.
 E = Time spent auto-exploring this place.
 F = Levels seen in this place.
 G = Mean time per level.
                   A        B        C        D        E       F      G
               +--------+--------+--------+--------+--------+-----+--------+
         Total |    388 |    388 |      0 |    304 |      0 |   2 |  194.0 |
       Dungeon |    388 |    388 |      0 |    304 |      0 |   2 |  194.0 |
               +--------+--------+--------+--------+--------+-----+--------+

Top non-repeatable levels by time:
     D:5: 383 daAuts
     D:6: 4 daAuts
